 Dungeon Crawl Stone Soup version 0.29.1-2-gbd0b4ee654 (webtiles) character file.

Game seed: 9206600394681903261

2019 Lutefisk the Covert (level 9, 0/50 HPs)
             Began as a Vine Stalker Brigand on Oct 28, 2022.
             Was a Believer of Dithmenos.
             Slain by a hornet (1 damage)
             ... on level 7 of the Dungeon.
             The game lasted 00:18:57 (3190 turns).

Lutefisk the Covert (Vine Stalker Brigand)          Turns: 3190, Time: 00:18:58

Health: 0/50       AC:  7    Str: 14    XL:     9   Next: 23%
Magic:  0/28       EV: 12    Int: 11    God:    Dithmenos [**....]
Gold:   321        SH:  0    Dex: 20    Spells: 8/8 levels left

rFire   . . .      SeeInvis .   G - +0 rapier
rCold   . . .      Faith    .   (no shield)
rNeg    . . .      Spirit   +   x - +2 animal skin
rPois   .          Reflect  .   y - +0 helmet
rElec   .          Harm     .   I - scarf {shadows}
rCorr   .          Rampage  .   g - +0 pair of gloves
Will    +....                   (no boots)
Stlth   +++++++...              (no amulet)
HPRegen 0.96/turn               s - ring of magical power
MPRegen 0.21/turn               A - ring of magical power

@: lethally poisoned (0 -> -5), slowed, wreathed by umbra, very slow
A: fangs 3, regeneration 1, magic shield, antimagic bite, no potion heal 2,
hooves 1, iridescent scales 1, deformed body
a: Renounce Religion, Shadow Step


You were on level 7 of the Dungeon.
You worshipped Dithmenos.
Dithmenos was pleased with you.
You visited 2 branches of the dungeon, and saw 9 of its levels.

You collected 321 gold pieces.

Inventory:

Hand Weapons
 a - a +2 dagger
 w - a +0 spear
 G - a +0 rapier (weapon)
Missiles
 d - 12 poisoned darts (quivered)
 e - 8 curare-tipped darts
 l - 2 throwing nets
 u - 7 boomerangs
Armour
 c - a +0 cloak
 g - a +0 pair of gloves (worn)
 x - a +2 animal skin (worn)
 y - a +0 helmet (worn)
 D - a +0 kite shield
 I - a scarf of shadows (worn)
Magical Staves
 m - a staff of air
Jewellery
 h - an amulet of faith
 s - a ring of magical power (left hand)
 A - a ring of magical power (right hand)
 F - a +6 ring of dexterity
Wands
 q - a wand of mindburst (13)
 C - a wand of iceblast (6)
 E - a wand of flame (1)
 J - a wand of polymorph (12)
 M - a wand of charming (10)
Scrolls
 i - 11 scrolls of identify {unknown}
 j - 2 scrolls of magic mapping {unknown}
 k - 2 scrolls of teleportation {unknown}
 v - a scroll of fear {unknown}
 B - 2 scrolls of poison {unknown}
 K - a scroll of noise {unknown}
 N - a scroll of blinking {unknown}
Potions
 b - 2 potions of resistance {unknown}
 f - 4 potions of mutation
 n - 4 potions of haste
 o - 2 potions of magic {unknown}
 p - 2 potions of brilliance {unknown}
 r - 2 potions of lignification {unknown}
 t - a potion of cancellation {unknown}
 z - a potion of flight {unknown}
 H - a potion of might
 L - 2 potions of curing {unknown}


   Skills:
 * Level 7.5 Fighting
 - Level 2.0 Short Blades
 - Level 2.0 Throwing
 - Level 1.0 Dodging
 - Level 12.0 Stealth
 - Level 1.0 Evocations


You had 8 spell levels left.
You didn't know any spells.
Your spell library contained the following spells:

 Spells                   Type           Power      Damage    Failure   Level
 Blink                    Tloc           0%         N/A       47%         2
 Lesser Beckoning         Tloc           0%         N/A       71%         3
 Manifold Assault         Tloc           0%         N/A       100%        5


Dungeon Overview and Level Annotations

Branches:
Dungeon (8/15)             Temple (1/1) D:4
   Lair: D:8-11

Altars:
Ashenzari
Dithmenos
Fedhas
Gozag
Hepliaklqana
Kikubaaqudgha
Makhleb
Nemelex Xobeh
Sif Muna
Trog
Uskayaw
Vehumet
Wu Jian
Yredelemnul
The Shining One

Shops:
D:7 *

Annotations:
D:3 2 transporters, MaxHasHax6295's ghost, amateur MiBe
D:5 3 runed translucent doors, avis's ghost, novice HOMo; tizbic2's ghost, novice OgFi
D:6 Blork the orc


Innate Abilities, Weirdness & Mutations

You have razor-sharp teeth.
Your natural rate of healing is unusually fast.
When hurt, damage is shared between your health and your magic reserves.
Your bite disrupts and absorbs the magic of your enemies.
Potions cannot restore your health.
You have large cloven feet.
You are partially covered in iridescent scales. (AC +2)
Armour fits poorly on your strangely shaped body.


Message History

Aim: a hornet (black smoke, 54% to hit)
You throw a poisoned dart. The poisoned dart hits the hornet.
The hornet is poisoned.
Unknown command.
Throw: 13 darts (poison)
Press: ? - help, Q - select action, (/) - cycle Shift-Dir - straight line, f/p - hornet
Aim: a hornet (lightly wounded, poisoned, 54% to hit)
You throw a poisoned dart. The poisoned dart hits the hornet.
The hornet looks even sicker.
The hornet is lightly wounded.
You hit the hornet but do no damage.
The hornet is moderately wounded.
The hornet stings you but does no damage.
You barely miss the hornet.
The hornet is heavily wounded.
The hornet stings you!
You feel yourself slow down. The hornet stings you!
You are poisoned.
You feel as though you will be slow longer.
You closely miss the hornet.
The hornet is severely wounded.
You feel very sick. The hornet stings you!
You suddenly lose the ability to move!
The hornet stings you!
* * * LOW HITPOINT WARNING * * *
You feel as though you will be slow longer.
The hornet stings you.
* * * LOW HITPOINT WARNING * * *
You feel as though you will be slow longer.
You feel sick. The hornet stings you!
* * * LOW HITPOINT WARNING * * *
You are lethally poisoned!
You feel as though you will be slow longer.
You can move again.
It was a potion of mutation.
You feel extremely strange.
Iridescent scales grow over part of your body.
Your body twists and deforms.
Your feet thicken and deform.
* * * LOW HITPOINT WARNING * * *
You feel very sick. The hornet stings you.
You die...

#####
.###...#####
..........#
#......####
###....#
#...>###
#......###..(
#...@y...§§§.
#...§≈≈≈§§§§≈
#...≈....§§.≈
#...≈.≈≈≈≈≈.≈
#
#...§$≈...≈.≈
.
#...≈..._.≈..
.
#...≈.≈...≈.§
....##
##..≈.≈≈≈≈
.....#
#..≈.....
........


You could see a hornet (poisoned).

Vanquished Creatures
  A wyvern (D:7)
  Menkaure (D:4)
  A sky beast (D:7)
  An ice beast (D:7)
  An ogre (D:5)
  A centaur (D:8)
  A kobold brigand (D:7)
  2 necrophages
  2 bullfrogs
  3 scorpions
  5 killer bees (D:8)
  A howler monkey (D:4)
  A crimson imp (D:5)
  2 orc priests (D:6)
  3 hounds
  A gnoll bouda (D:7)
  4 orc wizards
  A scorpion zombie (D:4)
  Robin (D:4)
  9 gnolls
  8 adders
  A shadow imp (D:7)
  2 ufetubi
  An adder zombie (D:4)
  3 worms
  2 dart slugs
  19 orcs
  3 bats
  4 endoplasms
  2 giant cockroaches
  11 goblins
  11 hobgoblins
  3 jackals (D:2)
  5 quokkas
  6 ball pythons
  2 frilled lizards
  8 kobolds
  5 rats
138 creatures vanquished.

Vanquished Creatures (others)
  3 withered plants (D:5)
3 creatures vanquished.

Grand Total: 141 creatures vanquished

Notes
Turn   | Place    | Note
-------+----------+-------------------------------------------
     0 | D:1      | Lutefisk the Vine Stalker Brigand began the quest for the
                  | Orb.
     0 | D:1      | Reached XP level 1. HP: 11/11 MP: 2/2
   119 | D:1      | Reached skill level 5 in Stealth
   153 | D:1      | Reached XP level 2. HP: 15/15 MP: 3/3
   399 | D:2      | Reached XP level 3. HP: 20/20 MP: 4/4
   567 | D:2      | Gained mutation: Your natural rate of healing is unusually
                  | fast. [Vine Stalker growth]
   567 | D:2      | Reached XP level 4. HP: 10/25 MP: 5/5
   826 | D:3      | Noticed a bullfrog
   834 | D:3      | Killed a bullfrog
   835 | D:3      | Reached skill level 1 in Dodging
   835 | D:3      | Reached skill level 1 in Evocations
   835 | D:3      | Reached XP level 5. HP: 29/29 MP: 6/6
   988 | D:3      | Noticed MaxHasHax6295's ghost (amateur MiBe)
   992 | D:3      | Found a transporter.
   999 | D:3      | Found a transporter.
  1096 | D:3      | Reached skill level 6 in Stealth
  1128 | D:4      | Noticed Menkaure
  1128 | D:4      | Found a staircase to the Ecumenical Temple.
  1129 | D:4      | Killed Menkaure
  1130 | D:4      | Reached skill level 7 in Stealth
  1130 | D:4      | Reached XP level 6. HP: 33/33 MP: 7/7
  1143 | Temple   | Entered the Ecumenical Temple
  1148 | Temple   | Became a worshipper of Dithmenos the Shadowed
  1200 | D:4      | Found a basalt altar of Yredelemnul.
  1241 | D:4      | Noticed Robin
  1338 | D:4      | Killed Robin
  1432 | D:4      | Reached skill level 8 in Stealth
  1481 | D:4      | Reached XP level 7. HP: 31/37 MP: 8/8
  1568 | D:4      | Reached skill level 9 in Stealth
  1796 | D:5      | Entered Level 5 of the Dungeon
  1927 | D:5      | Found a runed translucent gate.
  1927 | D:5      | Found a runed translucent gate.
  1927 | D:5      | Found a runed translucent gate.
  1931 | D:5      | Noticed avis's ghost (novice HOMo)
  1931 | D:5      | Noticed tizbic2's ghost (novice OgFi)
  1939 | D:5      | Found a burning altar of Makhleb.
  1939 | D:5      | Found a radiant altar of Vehumet.
  1943 | D:5      | Reached * piety under Dithmenos
  2114 | D:5      | Reached skill level 5 in Fighting
  2275 | D:6      | Gained mutation: You have razor-sharp teeth. [Vine Stalker
                  | growth]
  2275 | D:6      | Reached XP level 8. HP: 41/44 MP: 9/9
  2547 | D:6      | Noticed Blork the orc
  2606 | D:7      | Reached ** piety under Dithmenos
  2607 | D:7      | Reached skill level 10 in Stealth
  2635 | D:7      | Found Laaluzeno's Lightly-Used Armoury.
  2642 | D:7      | Noticed a wyvern
  2661 | D:7      | Killed a wyvern
  2667 | D:7      | Reached skill level 11 in Stealth
  3084 | D:8      | Reached XP level 9. HP: 49/49 MP: 10/10
  3090 | D:8      | Reached skill level 12 in Stealth
  3139 | D:7      | Found a hazy altar of Hepliaklqana.
  3154 | D:7      | Noticed a hornet
  3188 | D:7      | Paralysed by a hornet for 2 turns
  3190 | D:7      | Gained mutation: You are partially covered in iridescent
                  | scales. (AC +2) [potion of mutation]
  3190 | D:7      | Gained mutation: Armour fits poorly on your strangely
                  | shaped body. [potion of mutation]
  3190 | D:7      | Gained mutation: You have large cloven feet. [potion of
                  | mutation]
  3190 | D:7      | HP: 1/50 [poisoned by a hornet]
  3190 | D:7      | Slain by a hornet

Illustrated notes

Levels and vault maps discovered:
D:1:      nzn_arrival_water_spiral, layout_loops_cross, serial_park_tiny_2,
          minmay_cut_off
D:2:      layout_basic, kennysheep_generic_room_11
D:3:      layout_loops_ring, gammafunk_ghost_arena, minmay_misc_feat_hallway
D:4:      layout_cave_pods, lemuel_zombie_altar_yredelemnul,
          minmay_temple_entry_statues, dk_noncrumbling_2, uniq_robin,
          uniq_menkaure
D:5:      layout_basic, grunt_temple_overflow_lords_of_destruction,
          gammafunk_ghost_cemetery, uniq_duvessa
D:6:      layout_gridville, chequers_mini_garden, minmay_statues_item,
          uniq_blork_the_orc
D:7:      layout_layer_cave, mainiacjoe_overflow_concentric_impassable,
          grunt_ogre_cave, minmay_misc_feat_doors, minmay_shop_damaged
D:8:      layout_loops_ring, lair_entry_dummy, ebering_ghost_funeral_grove,
          serial_shops, nicolae_shop_behind_doors, corner_web_ring
Temple:   minmay_freezing_vapour_temple

Skill      XL: |  1  2  3  4  5  6  7  8  9 |
---------------+----------------------------+-----
Fighting       | 2 3 4 5 6 7 |  7.5
Stealth        | 5 7 8 9 11 12 | 12.0
Dodging        | 1 |  1.0
Short Blades   | 2 |  2.0
Throwing       | 2 |  2.0
Evocations     | 1 |  1.0

Action                   |  1- 3 |  4- 6 |  7- 9 || total
-------------------------+-------+-------+-------++-------
Melee: Dagger            |    69 |   147 |    97 ||   313
       Bite              |    12 |    43 |    79 ||   134
       Punch             |       |     2 |     3 ||     5
       Rapier            |       |       |   196 ||   196
Throw: Dart              |     9 |     2 |    17 ||    28
Evoke: Wand              |       |     2 |       ||     2
  Use: Potion            |       |       |     1 ||     1
 Stab: Sleeping          |     7 |     2 |    12 ||    21
       Distracted        |       |       |     1 ||     1
Armor: Robe              |    16 |    37 |       ||    53
       Animal skin       |       |     6 |    78 ||    84
Dodge: Dodged            |    35 |    96 |   211 ||   342
